 Dungeon Crawl Stone Soup version 0.29.1-1-gd02db6906a (webtiles) character file.

Game seed: 5481489524776745386

986 karrick the Cudgeller (level 8, -3/50 HPs)
             Began as a Gargoyle Fighter on Sept 21, 2022.
             Was a Follower of Okawaru.
             Killed from afar by a white imp (13 damage)
             ... with a puff of frost
             ... on level 6 of the Dungeon.
             The game lasted 00:09:01 (5066 turns).

karrick the Cudgeller (Gargoyle Fighter)            Turns: 5066, Time: 00:09:02

Health: -3/50      AC: 20    Str: 21    XL:     8   Next: 18%
Magic:  8/8        EV:  9    Int:  8    God:    Okawaru [*.....]
Gold:   261        SH:  4    Dex: 11    Spells: 7/7 levels left

rFire   . . .      SeeInvis .   A - +2 flail (vorpal)
rCold   . . .      Faith    .   c - +0 buckler
rNeg    + . .      Spirit   .   b - +0 scale mail
rPois   ∞          Reflect  .   j - +0 helmet
rElec   +          Harm     .   r - +0 cloak
rCorr   .          Rampage  .   n - +0 pair of gloves
Will    +....                   x - +2 pair of boots
Stlth   ..........              (no amulet)
HPRegen 0.16/turn               k - ring of willpower
MPRegen 0.11/turn               (no ring)

@: no status effects
A: sickness immunity, AC +5, negative energy resistance 1, electricity
resistance, torment resistance 1, petrification resistance
a: Renounce Religion, Heroism


You were on level 6 of the Dungeon.
You worshipped Okawaru.
Okawaru was aware of your devotion.
You visited 2 branches of the dungeon, and saw 7 of its levels.
You also visited: Sewer.

You collected 261 gold pieces.

Inventory:

Hand Weapons
 a - a +0 flail
 s - a +4 morningstar
 A - a +2 vorpal flail (weapon)
Armour
 b - a +0 scale mail (worn)
 c - a +0 buckler (worn)
 j - a +0 helmet (worn)
 n - a +0 pair of gloves (worn)
 r - a +0 cloak (worn)
 x - a +2 pair of boots (worn)
Jewellery
 k - a ring of willpower (left hand)
 E - a ring of positive energy
Wands
 w - a wand of mindburst (21)
 y - a wand of light (9)
Scrolls
 h - a scroll of immolation {unknown}
 i - 9 scrolls of identify {unknown}
 m - a scroll of noise {unknown}
 q - a scroll of blinking {unknown}
 t - a scroll of fog {unknown}
 B - 4 scrolls of teleportation {unknown}
 D - a scroll of enchant armour {unknown}
Potions
 d - 2 potions of might
 e - a potion of heal wounds
 f - a potion of magic {unknown}
 g - 3 potions of lignification {unknown}
 l - a potion of berserk rage {unknown}
 o - 2 potions of curing
 p - a potion of brilliance {unknown}
 u - a potion of cancellation {unknown}
 v - 2 potions of flight
 z - 2 potions of degeneration {unknown}
 C - a potion of invisibility {unknown}


   Skills:
 * Level 5.6 Fighting
 + Level 6.8 Maces & Flails
 + Level 5.4 Armour
 + Level 1.0 Stealth
 + Level 4.3 Shields


You had 7 spell levels left.
You didn't know any spells.
Your spell library contained the following spells:

 Spells                   Type           Power      Damage    Failure   Level
 Apportation              Tloc           0%         N/A       82%         1
 Necrotise                Necr           0%         1d4       82%         1
 Sandblast                Erth           0%         2d4       82%         1
 Passwall                 Tmut/Erth      0%         N/A       91%         2
 Scorch                   Fire           0%         2d5       91%         2
 Stone Arrow              Conj/Erth      0%         3d7       99%         3
 Flame Wave               Conj/Fire      0%         2d4       100%        4
 Summon Small Mammal      Summ           Unusable   N/A       N/A         1
 Summon Cactus Giant      Summ           Unusable   N/A       N/A         6

Dungeon Overview and Level Annotations

Branches:
Dungeon (6/15)             Temple (1/1) D:4           Sewer (visited)

Altars:
Cheibriados
Dithmenos
Fedhas
Gozag
Hepliaklqana
Kikubaaqudgha
Makhleb
Nemelex Xobeh
Okawaru
Qazlal
Ru
Trog
Uskayaw
Vehumet
Wu Jian
Xom
Yredelemnul
Zin
The Shining One

Shops:
D:2 ?   D:4 (

Annotations:
D:4 3 runed translucent doors, beryleye's ghost, amateur HOFi


Innate Abilities, Weirdness & Mutations

You are immune to sickness and miasma.
Your stone body is resilient. (AC +5)
You are immune to poison.
You resist negative energy. (rN+)
You are resistant to electric shocks. (rElec)
You are resistant to unholy torment.
You are immune to petrification.


Message History

The gnoll bouda attacks as you move away!
The gnoll bouda closely misses you.
The gnoll hits you from afar with a +0 spear.
The gnoll hits you from afar with a +0 halberd.
The gnoll bouda attacks as you move away!
The gnoll bouda hits you but does no damage.
The gnoll is no longer moving quickly.
The gnoll bouda attacks as you move away!
The gnoll bouda hits you but does no damage.
You sock the gnoll bouda!
The gnoll bouda is severely wounded.
The gnoll bouda closely misses you. The gnoll hits you but does no damage.
You hit the gnoll bouda.
You kill the gnoll bouda!
Okawaru accepts your kill. The gnoll hits you but does no damage.
Your Stealth skill increases to level 1!
The gnoll barely misses you. The gnoll hits you with a +0 halberd!
Things that are here:
a +0 club; a +0 robe; 8 gold pieces You sock the gnoll!
You kill the gnoll!
Okawaru accepts your kill.
The gnoll is no longer moving quickly.
The gnoll throws a boomerang.
The boomerang barely misses you.
You thump the gnoll!
The gnoll is almost dead.
You block the gnoll's attack. The gnoll barely misses you.
You hit the gnoll.
You kill the gnoll!
Okawaru accepts your kill. The white imp gestures at you.
The puff of frost hits you! You block the gnoll's attack.
The white imp gestures at you. The puff of frost hits you!
The gnoll hits you from afar with a +0 spear.
* * * LOW HITPOINT WARNING * * *
The white imp gestures at you. The puff of frost hits you!
You die...

#))#####
#).)...##
##<###..# #.#
##.# #.# #.#
#.####.#
#...##.#######.
###.##.........
#@##.##......
#5#...# #####
#g..#...#
#..###..##
#...#.....
#.####∩....###.#
.........)..#
...
###.###.....# ##
#.........


You could see a gnoll and a white imp.

Vanquished Creatures
  An ogre (D:4)
  2 bullfrogs
  3 kobold brigands
  2 hounds
  An orc priest (D:4)
  A jelly (D:5)
  A gnoll bouda (D:6)
  4 iguanas
  4 orc wizards
  5 adders
  6 gnolls
  A white imp (D:5)
  An ufetubus (D:5)
  2 worms
  10 orcs
  8 ball pythons
  4 bats
  2 bat zombies (D:4)
  6 endoplasms
  4 giant cockroaches
  8 goblins
  6 hobgoblins
  4 jackals
  17 kobolds
  8 frilled lizards
  5 rats
  2 rat zombies (D:4)
118 creatures vanquished.

Vanquished Creatures (others)
  2 fungi (D:4)
2 creatures vanquished.

Grand Total: 120 creatures vanquished

Notes
Turn   | Place    | Note
-------+----------+-------------------------------------------
     0 | D:1      | karrick the Gargoyle Fighter began the quest for the Orb.
     0 | D:1      | Reached XP level 1. HP: 14/14 MP: 1/1
    89 | D:1      | Reached XP level 2. HP: 9/19 MP: 2/2
   864 | D:2      | Found Ubagirch's Magic Scroll Shoppe.
   906 | D:2      | Reached XP level 3. HP: 20/23 MP: 3/3
  1886 | D:3      | Reached skill level 3 in Maces & Flails
  1886 | D:3      | Reached XP level 4. HP: 29/29 MP: 4/4
  1903 | D:3      | Found a glowing drain.
  1920 | Sewer    | Entered a sewer
  2009 | Sewer    | Noticed a kobold brigand
  2010 | Sewer    | Noticed a kobold brigand
  2030 | Sewer    | Killed a kobold brigand
  2031 | Sewer    | Reached skill level 4 in Maces & Flails
  2031 | Sewer    | Reached XP level 5. HP: 29/33 MP: 5/5
  2036 | Sewer    | Killed a kobold brigand
  2037 | Sewer    | Reached XP level 6. HP: 30/38 MP: 6/6
  2100 | Sewer    | Found a white marble altar of Elyvilon.
  2466 | D:3      | Found a glowing golden altar of the Shining One.
  2654 | D:3      | Reached skill level 5 in Maces & Flails
  2904 | D:4      | Reached XP level 7. HP: 25/44 MP: 7/7
  3113 | D:4      | Found Dauchuruis's Weapon Emporium.
  3153 | D:4      | Found a glowing silver altar of Zin.
  3186 | D:4      | Reached skill level 6 in Maces & Flails
  3270 | D:4      | Found an ancient bone altar of Kikubaaqudgha.
  3400 | D:4      | Reached skill level 5 in Fighting
  3562 | D:4      | Found a runed translucent gate.
  3562 | D:4      | Found a runed translucent gate.
  3562 | D:4      | Found a runed translucent gate.
  3564 | D:4      | Noticed beryleye's ghost (amateur HOFi)
  3596 | D:4      | Found a staircase to the Ecumenical Temple.
  3605 | Temple   | Entered the Ecumenical Temple
  3776 | Temple   | Became a worshipper of Warmaster Okawaru
  3860 | D:5      | Entered Level 5 of the Dungeon
  4253 | D:5      | Reached skill level 5 in Armour
  4958 | D:6      | Reached * piety under Okawaru
  4959 | D:6      | Reached XP level 8. HP: 39/50 MP: 8/8
  5061 | D:6      | Reached skill level 1 in Stealth
  5066 | D:6      | Killed from afar by a white imp

Illustrated notes

Levels and vault maps discovered:
D:1:      matt_arrival_refuge, layout_rooms
D:2:      layout_loops_ring, serial_shops, shop, minmay_heptomino_l4
D:3:      minmay_general_purpose_star, layout_loops_ring,
          general_overflow_altar, cheibrodos_sewer_entry_bend
D:4:      layout_cave_pools, lemuel_zombie_altar_kikubaaqudgha,
          mainiacjoe_overflow_brackets, temple_hall, serial_shops,
          nicolae_shop_waterfront, gammafunk_ghost_nasty_kobolds
D:5:      layout_layer_cave
D:6:      layout_loops_ring, serial_shops, shop, abandoned_shop, hex_large,
          uniq_grinder
Temple:   nicolae_temple_slightly_damp_pantheon

Skill      XL: |  1  2  3  4  5  6  7  8 |
---------------+-------------------------+-----
Maces & Flails | 3 4 5 6 |  6.8
Fighting       | 4 5 |  5.6
Armour         | 4 5 |  5.4
Shields        | 4 |  4.3
Stealth        | 1 |  1.0

Action                   |  1- 3 |  4- 6 |  7- 9 || total
-------------------------+-------+-------+-------++-------
Melee: Flail             |    96 |    36 |   148 ||   280
       Morningstar       |    11 |    79 |       ||    90
  Use: Potion            |       |       |     1 ||     1
Armor: Scale mail        |    57 |    76 |   143 ||   276
Dodge: Dodged            |    34 |    58 |    60 ||   152
Block: Buckler           |    21 |    25 |    39 ||    85
